 Dungeon Crawl Stone Soup version 0.23-a0-650-ga4d50d4d25 (webtiles) character file.

19800 Notair the Severer (level 12, -14/113 HPs)
             Began as a Minotaur Fighter on Jan 6, 2019.
             Was a High Priest of Okawaru.
             Hit by a javelin of returning thrown by a minotaur (21 damage)
             ... in a Gauntlet.
             The game lasted 00:26:46 (11905 turns).

Notair the Severer (Minotaur Fighter)              Turns: 11905, Time: 00:26:46

Health: -14/113    AC: 20    Str: 22    XL:     12   Next: 39%
Magic:  0/11       EV:  7    Int:  7    God:    Okawaru [*****.]
Gold:   673        SH:  5    Dex: 14    Spells: 11/11 levels left

rFire    . . .     SeeInvis .   E - +4 broad axe (freeze)
rCold    + . .     Gourm    .   w - +0 buckler
rNeg     . . .     Faith    .   t - +0 plate armour
rPois    +         Spirit   +   r - +0 hat
rElec    +         Reflect  .   H - scarf {Spirit}
rCorr    .         Harm     .   e - +0 pair of gloves
MR       .....     NoTele   +   (no boots)
Stlth    ..........             (no amulet)
HPRegen  0.28/turn              g - +3 ring of protection
MPRegen  0.12/turn              S - ring "Folek" {rElec rPois rC+ Int+2}

@: no status effects
A: retaliatory headbutt, horns 2, mutation resistance 1
a: Heroism, Finesse, Renounce Religion


You were in a Gauntlet.
You worshipped Okawaru.
Okawaru was extremely pleased with you.
You were not hungry.

You visited 2 branches of the dungeon, and saw 13 of its levels.
You also visited: Gauntlet.

You collected 673 gold pieces.

Inventory:

Hand Weapons
 p - a +0 blowgun
 E - a +4 broad axe of freezing (weapon)
 J - a +2 hunting sling of flaming
Missiles
 q - 16 poisoned needles
 F - 241 stones (quivered)
 I - 67 sling bullets
Armour
 c - a +0 shield
 e - a +0 pair of gloves (worn)
 r - a +0 hat (worn)
 t - a +0 plate armour (worn)
 w - a +0 buckler (worn)
 H - a scarf of spirit shield (worn)
Jewellery
 g - a +3 ring of protection (left hand)
 j - an uncursed ring of protection from cold
 S - the ring "Folek" (right hand) {rElec rPois rC+ Int+2}
   (You found it in a Gauntlet)

   [ring of poison resistance]

   It affects your intelligence (+2).
   It protects you from cold.
   It insulates you from electricity.
   It protects you from poison.
Wands
 b - a wand of paralysis (2)
 y - a wand of random effects (21)
 O - a wand of enslavement (6)
 P - a wand of flame (16)
Scrolls
 i - 6 scrolls of identify
 k - 2 scrolls of fog
 m - 6 scrolls of remove curse
 o - 4 scrolls of teleportation
 s - a scroll of noise {unknown}
 u - 2 scrolls of magic mapping
 x - 6 scrolls of fear {unknown}
 D - a scroll of random uselessness {unknown}
 K - a scroll of enchant armour {unknown}
 L - a scroll of torment {unknown}
 M - a scroll of enchant weapon {unknown}
 N - a scroll of amnesia
 Q - a scroll of brand weapon {unknown}
Potions
 d - 3 potions of might
 h - a potion of cancellation {unknown}
 l - 2 potions of curing
 n - 2 potions of mutation {unknown}
 v - a potion of berserk rage
 z - a potion of agility
 A - a potion of lignification {unknown}
 B - a potion of brilliance {unknown}
 C - 2 potions of flight {unknown}
 R - 2 potions of haste {unknown}
Miscellaneous
 U - a phantom mirror
Comestibles
 f - 16 rations


   Skills:
 + Level 12.9 Fighting
 + Level 16.0 Axes
 + Level 12.9 Armour
 - Level 4.0 Shields


You had 11 spell levels left.
You didn't know any spells.
Your spell library contained the following spells:

 Spells                   Type           Power        Failure   Level  Hunger
 Beastly Appendage        Tmut           #.....       99%         1    ##.....
 Sandblast                Erth           #.....       99%         1    ##.....
 Sting                    Conj/Pois      #...         99%         1    ##.....
 Summon Small Mammal      Summ           #...         99%         1    ##.....
 Call Imp                 Summ           #.......     100%        2    ###....
 Passwall                 Tmut/Erth      #.......     100%        2    ###....
 Poisonous Vapours        Pois/Air       #.....       100%        2    ###....
 Sticks to Snakes         Tmut           #.......     100%        2    ###....
 Call Canine Familiar     Summ           #.......     100%        3    ####...
 Ignite Poison            Fire/Tmut/Pois #.......     100%        3    ####...
 Mephitic Cloud           Conj/Pois/Air  #.......     100%        3    ####...
 Spider Form              Tmut/Pois      #.........   100%        3    ####...
 Stone Arrow              Conj/Erth      #.....       100%        3    ####...
 Summon Guardian Golem    Hex/Summ       #.......     100%        3    ####...
 Ice Form                 Ice/Tmut       #.......     100%        4    #####..
 Olgreb's Toxic Radiance  Pois           #.......     100%        4    #####..
 Petrify                  Tmut/Erth      #.......     100%        4    #####..
 Summon Ice Beast         Ice/Summ       #.......     100%        4    #####..
 Summon Lightning Spire   Summ/Air       #.......     100%        4    #####..
 Blade Hands              Tmut           #.........   100%        5    ######.
 Fireball                 Conj/Fire      #.........   100%        5    ######.
 Lee's Rapid Deconstruct  Erth           #.........   100%        5    ######.
 Venom Bolt               Conj/Pois      #.........   100%        5    ######.
 Bolt of Fire             Conj/Fire      #.........   100%        6    #######
 Ring of Flames           Chrm/Fire      #.........   100%        7    #######
 Ignition                 Fire           #.........   100%        8    #######


Dungeon Overview and Level Annotations

Branches:
Dungeon (12/15)            Temple (1/1) D:6            Lair (0/6) D:9
    Orc (0/2) D:9

Altars:
Ashenzari
Cheibriados
Elyvilon
Fedhas
Gozag
Hepliaklqana
Kikubaaqudgha
Makhleb
Nemelex Xobeh
Okawaru
Qazlal
Ru
Sif Muna
Trog
Uskayaw
Vehumet
Wu Jian
Xom
Yredelemnul
Zin
The Shining One
Beogh

Shops:
D:7 *   D:10 !

Annotations:
D:5 exclusion: oklob plant Gauntlet 8 transporters


Innate Abilities, Weirdness & Mutations

You reflexively headbutt those who attack you in melee.
You have a pair of horns on your head.
You are somewhat resistant to further mutation.


Message History

The minotaur blocks your attack.
The minotaur is severely wounded.
The minotaur closely misses you. The minotaur gores you.
* * * LOW HITPOINT WARNING * * *
Evoke which item? (* to show all) (? for menu, Esc to quit)
Aiming: Paralyse
Press: ? - help, Shift-Dir - straight line, f - minotaur
Aim: a minotaur, wielding a +0 vampiric demon blade, wearing a cursed +0 plate
Okay, then.
The minotaur throws a javelin of returning.
The javelin of returning hits you!!
* * * LOW HITPOINT WARNING * * *
The weapon returns to the minotaur!
There is an open door, spattered with blood here.
You feel better.
The minotaur throws a javelin of returning.
You block the javelin of returning.
The weapon returns to the minotaur!
The minotaur throws a javelin of returning.
The javelin of returning hits you!!
You die...

############.........
#........####.8.....8
##.##.###..##≈........
#8..........##...#####
#.....#.#....#...#..#.
#########.#.#.©8.#...#..#.
#8=8:8.8#...#....#...###'.
#∩....H.'.###.©8.#.8.#©.'.
#8=8[8.8#@..#....#...###'#
#########.#.#.©8.#...#....
#.....#.#....#...#....
#8..........##...#####
##.##.###..##≈........
#........####.8.....8
############.........
#≈...###### ##...#.....


You could see a minotaur.

Vanquished Creatures
  4 two-headed ogres
  Erica (D:7)
  6 death yaks (Gauntlet)
  An obsidian statue (Gauntlet)
  An ugly thing (D:11)
  A cyclops (D:11)
  Joseph (D:10)
  A torpor snail (Gauntlet)
  A gargoyle (D:10)
  2 kobold demonologists (D:11)
  2 trolls
  A merfolk (D:11)
  A hornet (D:11)
  4 hippogriffs
  Eustachio (D:5)
  9 yaks
  Grum (D:8)
  3 hungry ghosts
  An acid dragon (D:11)
  A water moccasin (D:10)
  Duvessa (D:6)
  An orc warrior (D:10)
  2 porcupines (D:9)
  4 black bears (D:9)
  2 ice beasts
  2 phantoms (D:9)
  A hornet zombie (D:10)
  An eye of draining (D:10)
  5 sky beasts
  5 ogres
  12 centaurs
  3 wolves
  A gnoll sergeant (D:7)
  6 bullfrogs
  2 wyvern skeletons
  A water moccasin skeleton (D:8)
  Dowan (D:6)
  4 scorpions
  8 killer bees
  3 crimson imps
  4 hounds
  3 orc priests
  5 jellies
  7 orc wizards
  3 bullfrog skeletons
  6 iguanas
  4 centaur skeletons
  3 worker ants
  A killer bee zombie (D:8)
  A hound zombie (D:10)
  2 hound skeletons
  A worker ant zombie (D:9)
  17 gnolls
  8 adders
  4 shadow imps
  An ooze (D:2)
  3 adder skeletons
  2 adder zombies
  4 worms
  3 dart slugs
  7 leopard geckos
  36 orcs
  3 ball pythons
  6 giant cockroaches
  3 goblins
  5 hobgoblins
  6 jackals
  6 quokkas
  8 bats
  4 frilled lizards
  8 kobolds
  9 rats
  3 fungi (D:9)
  A plant (D:9)
295 creatures vanquished.

Vanquished Creatures (others)
  An orc wizard (D:5)
  14 fungi (D:9)
  2 plants (D:9)
  6 toadstools (D:5)
23 creatures vanquished.

Grand Total: 318 creatures vanquished

Notes
Turn   | Place    | Note
-------+----------+-------------------------------------------
     0 | D:1      | Notair the Minotaur Fighter began the quest for the Orb.
     0 | D:1      | Reached XP level 1. HP: 19/19 MP: 0/0
   114 | D:1      | Reached XP level 2. HP: 27/27 MP: 1/1
   115 | D:1      | Reached skill level 3 in Axes
   418 | D:2      | Reached XP level 3. HP: 33/33 MP: 2/2
   504 | D:2      | Reached skill level 4 in Axes
   509 | D:2      | Reached XP level 4. HP: 5/41 MP: 3/3
  1440 | D:3      | Found a shimmering altar of Xom.
  1756 | D:3      | Reached skill level 5 in Axes
  1756 | D:3      | Reached XP level 5. HP: 30/47 MP: 4/4
  2291 | D:3      | Found a stormy altar of Qazlal.
  2336 | D:4      | Reached skill level 5 in Fighting
  2336 | D:4      | Reached skill level 5 in Armour
  2384 | D:4      | Reached XP level 6. HP: 36/56 MP: 5/5
  2530 | D:4      | Found a glowing golden altar of the Shining One.
  2536 | D:4      | Reached skill level 6 in Axes
  2666 | D:4      | Found a radiant altar of Vehumet.
  2696 | D:4      | Found a shattered altar of Ashenzari.
  2764 | D:4      | Reached XP level 7. HP: 9/62 MP: 6/6
  2766 | D:4      | HP: 3/62 [acid (4)]
  3254 | D:5      | Entered Level 5 of the Dungeon
  3345 | D:5      | Noticed Eustachio
  3358 | D:5      | Killed Eustachio
  3358 | D:5      | Reached skill level 7 in Axes
  3484 | D:5      | Reached skill level 8 in Axes
  3520 | D:5      | Found a blossoming altar of Fedhas.
  3557 | D:5      | Noticed an oklob plant
  3704 | D:5      | Found an opulent altar of Gozag.
  3710 | D:5      | Reached XP level 8. HP: 69/71 MP: 7/7
  4021 | D:6      | Found a staircase to the Ecumenical Temple.
  4088 | D:6      | Reached skill level 9 in Axes
  4128 | Temple   | Entered the Ecumenical Temple
  4273 | Temple   | Became a worshipper of Warmaster Okawaru
  4352 | D:6      | Noticed Duvessa
  4352 | D:6      | Noticed Dowan
  4359 | D:6      | Killed Dowan
  4369 | D:6      | Killed Duvessa
  4765 | D:6      | Found a deep blue altar of Sif Muna.
  4872 | D:7      | Reached skill level 10 in Axes
  4891 | D:7      | Found a shattered altar of Ashenzari.
  4896 | D:7      | Saw a vision of the Shoals and the Snake Pit.
  4896 | D:7      | Noticed a black mamba
  4896 | D:7      | Noticed a black mamba
  4896 | D:7      | Noticed an anaconda
  4896 | D:7      | Noticed a hippogriff
  4896 | D:7      | Noticed a merfolk siren
  4896 | D:7      | Noticed an anaconda
  4897 | D:7      | Noticed a hippogriff
  4897 | D:7      | Noticed a merfolk
  4913 | D:7      | Noticed a hippogriff
  4922 | D:7      | Killed a hippogriff
  4922 | D:7      | Reached * piety under Okawaru
  4922 | D:7      | Reached XP level 9. HP: 69/81 MP: 8/8
  4931 | D:7      | Found Ykoky's General Store.
  4976 | D:7      | Found a burning altar of Makhleb.
  5719 | D:7      | Found a basalt altar of Yredelemnul.
  5776 | D:8      | Noticed Grum
  5777 | D:8      | Noticed Erica
  6053 | D:7      | Reached skill level 11 in Axes
  6058 | D:7      | Killed Erica
  6058 | D:7      | Reached ** piety under Okawaru
  6276 | D:8      | Killed Grum
  6367 | D:8      | Reached skill level 12 in Axes
  6378 | D:8      | Found a shimmering altar of Xom.
  6414 | D:8      | Reached XP level 10. HP: 84/91 MP: 9/9
  6911 | D:9      | Noticed a two-headed ogre
  6920 | D:9      | Reached *** piety under Okawaru
  6923 | D:9      | Killed a two-headed ogre
  7061 | D:9      | Reached skill level 10 in Fighting
  7077 | D:9      | Reached **** piety under Okawaru
  7077 | D:9      | Reached skill level 13 in Axes
  7077 | D:9      | Reached skill level 10 in Armour
  7145 | D:9      | Noticed a +0 dagger
  7146 | D:9      | Found a hide-covered altar of Uskayaw.
  7146 | D:9      | Noticed a +0 dagger
  7231 | D:9      | Found a staircase to the Lair.
  7366 | D:9      | Found a staircase to the Orcish Mines.
  7619 | D:9      | Found a roughly hewn altar of Beogh.
  7650 | D:9      | Noticed a two-headed ogre
  7660 | D:9      | Killed a two-headed ogre
  7907 | D:10     | Entered Level 10 of the Dungeon
  7956 | D:10     | Noticed a two-headed ogre
  7956 | D:10     | Noticed a two-headed ogre
  7970 | D:10     | Killed a two-headed ogre
  7970 | D:10     | Reached ***** piety under Okawaru
  7970 | D:10     | Reached skill level 14 in Axes
  7970 | D:10     | Reached XP level 11. HP: 62/101 MP: 10/10
  7975 | D:10     | Killed a two-headed ogre
  8461 | D:10     | Noticed Joseph
  8486 | D:10     | Killed Joseph
  8486 | D:10     | Received a gift from Okawaru
  8619 | D:10     | Found Bytzo's Distillery.
  9430 | D:11     | Reached skill level 15 in Axes
  9751 | D:11     | Noticed a purple ugly thing
  9769 | D:11     | Killed a purple ugly thing
  9771 | D:11     | Gained mutation: You are somewhat resistant to further
                  | mutation. [a neqoxec]
 10526 | D:11     | Reached XP level 12. HP: 69/112 MP: 11/11
 10851 | D:12     | Found a gate leading to a gauntlet.
 10860 | Gauntlet | Entered a Gauntlet
 10860 | Gauntlet | Found a transporter.
 10863 | Gauntlet | Found a transporter.
 10867 | Gauntlet | Found a transporter.
 10870 | Gauntlet | Found a transporter.
 10871 | Gauntlet | Found a transporter.
 10877 | Gauntlet | Found a runed gate.
 10878 | Gauntlet | Found a transporter.
 10878 | Gauntlet | Found a runed gate.
 10878 | Gauntlet | Noticed a hell beast
 10879 | Gauntlet | Found a transporter.
 10880 | Gauntlet | Found a transporter.
 10900 | Gauntlet | Found a runed gate.
 10901 | Gauntlet | Noticed a death yak
 10901 | Gauntlet | Noticed a death yak
 10904 | Gauntlet | Noticed a death yak
 10904 | Gauntlet | Noticed a death yak
 10904 | Gauntlet | Noticed a death yak
 10906 | Gauntlet | Noticed a death yak
 10912 | Gauntlet | Found a transporter.
 10915 | Gauntlet | Found a transporter.
 10961 | Gauntlet | Found a transporter.
 10964 | Gauntlet | Noticed a great orb of eyes
 10974 | Gauntlet | Found a transporter.
 11017 | Gauntlet | Got a twitching iron ring
 11281 | Gauntlet | Identified the ring "Folek" {rElec rPois rC+ Int+2} (You
                  | found it in a Gauntlet)
 11309 | Gauntlet | Killed a death yak
 11313 | Gauntlet | Killed a death yak
 11313 | Gauntlet | Reached skill level 16 in Axes
 11325 | Gauntlet | Killed a death yak
 11337 | Gauntlet | Killed a death yak
 11341 | Gauntlet | Killed a death yak
 11341 | Gauntlet | Received a gift from Okawaru
 11346 | Gauntlet | Killed a death yak
 11352 | Gauntlet | HP: 5/113 [torpor snail (12)]
 11888 | Gauntlet | Identified the ring "Nouganod" {MR+ Int-4 Slay+6}
 11888 | Gauntlet | Noticed a minotaur
 11903 | Gauntlet | HP: 1/113 [minotaur/javelin of returning (27)]
 11905 | Gauntlet | Hit by a javelin of returning thrown by a minotaur

Vault maps used:
D:1:      tarquinn_simple_flora_water_d, serial_glass, glass_columns_a,
          glass_columns_a
D:3:      overflow_temple_1_default, lemuel_round_altar, first_ration,
          item_on_display_a
D:4:      kennysheep_little_box, lemuel_crystal_altar, serial_glass,
          glass_columns_b, glass_columns_a, glass_columns_c, glass_columns_b,
          nicolae_tso_carved_into_rock
D:5:      tgw_fedhas, grunt_gozag_statues, uniq_eustachio
D:6:      kennysheep_mini, minmay_temple_entry_antechambers, uniq_duvessa
D:7:      lemuel_round_altar, overflow_temple_1_default, serial_shops, shop,
          grunt_ashenzari_visionary
D:8:      basic_altar, uniq_grum, uniq_erica
D:9:      dancing_weapons_uskayaw, due_lair_maze_entry_diamond,
          minmay_orc_entry_temple_small
D:10:     serial_shops, kennysheep_mini_moat, uniq_joseph
D:11:     hangedman_fish_farm
D:12:     gauntlet_entry_generic
Temple:   oiseaux_autumnal_temple
Gauntlet: minmay_gauntlet_mixed_oops_all_seconds

Skill      XL: |  1  2  3  4  5  6  7  8  9 10 11 12 |
---------------+-------------------------------------+-----
Axes           | 3 4 5 6 8 10 12 14 15 16 | 16.0
Fighting       | 4 5 6 8 9 10 12 | 12.9
Armour         | 4 5 6 8 9 10 12 | 12.9
Shields        | 4 |  4.0

Action                   |  1- 3 |  4- 6 |  7- 9 | 10-12 || total
-------------------------+-------+-------+-------+-------++-------
Melee: War axe           |    56 |   165 |   270 |   593 ||  1084
       Headbutt          |     7 |    23 |    63 |   149 ||   242
       Broad axe         |       |       |       |    11 ||    11
Invok: Heroism           |       |       |       |     6 ||     6
       Finesse           |       |       |       |     2 ||     2
Evoke: Wand              |       |       |     3 |       ||     3
  Use: Scroll            |       |       |     6 |     3 ||     9
       Potion            |       |       |     1 |     5 ||     6
 Stab: Paralysed         |       |       |     3 |       ||     3
  Eat: Ration            |       |     1 |     3 |     3 ||     7
       Chunk             |       |     2 |     7 |    10 ||    19
Armor: Scale mail        |    32 |    48 |       |       ||    80
       Plate armour      |       |    23 |   196 |   344 ||   563
Dodge: Dodged            |    27 |    34 |    74 |   161 ||   296
Block: Shield            |    42 |    65 |    28 |       ||   135
       Buckler           |       |       |    70 |   128 ||   198

Table legend:
 A = Non-vault XP
 B = Vault XP
 C = Vault XP percentage of total XP
 D = Non-vault monster count
 E = Vault monster count
 F = Vault count percentage of total count
                 A         B        C        D         E       F
            +---------+---------+-------+---------+---------+-------
      Total |   17248 |   11039 |  39.0 |     259 |      33 |  11.3
            +---------+---------+-------+---------+---------+-------
        D:1 |      27 |       0 |   0.0 |      18 |       0 |   0.0
        D:2 |     114 |       0 |   0.0 |      25 |       0 |   0.0
        D:3 |     148 |       0 |   0.0 |      16 |       0 |   0.0
        D:4 |     506 |       0 |   0.0 |      22 |       0 |   0.0
        D:5 |     577 |     196 |  25.4 |      17 |       1 |   5.6
        D:6 |     710 |     214 |  23.2 |      18 |       2 |  10.0
        D:7 |    1048 |    1023 |  49.4 |      22 |       2 |   8.3
        D:8 |    1173 |     414 |  26.1 |      25 |       3 |  10.7
        D:9 |    2609 |    1992 |  43.3 |      26 |      15 |  36.6
       D:10 |    5451 |     481 |   8.1 |      34 |       1 |   2.9
       D:11 |    4870 |     298 |   5.8 |      31 |       1 |   3.1
       D:12 |      15 |       0 |   0.0 |       5 |       0 |   0.0
   Gauntlet |       0 |    6421 | 100.0 |       0 |       8 | 100.0
            +---------+---------+-------+---------+---------+-------
